 Dungeon Crawl Stone Soup version 0.31-a0-267-g3fc6992b3b (webtiles) character file.

Game seed: 14182316962860916308

1094 qw the Skirmisher (level 8, -1/48 HPs)
             Began as a Gargoyle Hexslinger on July 13, 2023.
             Slain by Edmund
             ... wielding a +2 flail of holy wrath
              (5 damage)
             ... on level 6 of the Dungeon.
             The game lasted 00:02:06 (4509 turns).

qw the Skirmisher (Gargoyle Hexslinger)             Turns: 4509, Time: 00:02:06

Health: -1/48      AC: 12    Str: 12    XL:     8   Next: 31%
Magic:  9/9        EV: 12    Int: 14    God:
Gold:   359        SH:  0    Dex: 20    Spells: 8/9 levels left

rFire   + . .        Y - +3 sling
rCold   . . .        (no shield)
rNeg    + . .        r - +0 leather armour
rPois   inf          (no helmet)
rElec   +            (no cloak)
rCorr   .            k - +1 pair of gloves
SInv    .            j - +0 pair of boots {Fly}
Will    .....        q - amulet of the acrobat
Stlth   +            d - +6 ring of dexterity
HPRegen 0.28/turn    p - ring of protection from fire
MPRegen 0.11/turn

%: acrobat
@: flying
A: sickness immunity, AC +5, negative energy resistance 1, electricity
resistance, torment resistance 1, petrification resistance
a: no special abilities


You were on level 6 of the Dungeon.
You visited 1 branch of the dungeon, and saw 6 of its levels.
You also visited: Ossuary.

You collected 359 gold pieces.


Innate Abilities, Weirdness & Mutations

You are immune to sickness and miasma.
Your stone body is resilient. (AC +5)
You are immune to poison.
You resist negative energy. (rN+)
You are resistant to electric shocks. (rElec)
You are resistant to unholy torment.
You are immune to petrification.


   Skills:
 + Level 4.5 Fighting
 - Level 8.1 Ranged Weapons
 - Level 1.9 Armour
 - Level 2.6 Dodging
 - Level 1.0 Spellcasting
 - Level 2.6 Hexes


You had 8 spell levels left.
You knew the following spells:

 Your Spells              Type           Power      Damage    Failure   Level
a - Slow                  Hex            32%        N/A       11%         1

Your spell library contained the following spells:

 Spells                   Type           Power      Damage    Failure   Level
 Inner Flame              Hex/Fire       4%         N/A       50%         3
 Portal Projectile        Hex/Tloc       8%         N/A       50%         3
 Cause Fear               Hex            4%         N/A       73%         4

Inventory:

Hand Weapons
 Y - a +3 sling (weapon)
Armour
 j - a +0 pair of boots of flying (worn)
 k - a +1 pair of gloves (worn)
 r - a +0 leather armour (worn)
Jewellery
 d - a +6 ring of dexterity (left hand)
 l - a ring of resist corrosion
 p - a ring of protection from fire (right hand)
 q - an amulet of the acrobat (around neck)
 t - a ring of ice
Scrolls
 b - a scroll of identify
 s - a scroll of teleportation
Potions
 a - a potion of enlightenment
 f - a potion of lignification {unknown}
 g - a potion of might
 h - a potion of attraction {unknown}
 i - 2 potions of haste
 m - a potion of magic {unknown}
 n - a potion of berserk rage {unknown}

Dungeon Overview and Level Annotations

Branches:
Dungeon (6/15)             Temple (0/1) D:6         Ossuary (visited)

Altars:
Cheibriados
Qazlal
Vehumet
Wu Jian
Yredelemnul

Annotations:
D:6 Edmund


Message History

The orc warrior hits you from afar with a +1 glaive of protection!
You shoot a sling bullet.
The sling bullet closely misses the orc warrior.
The orc warrior completely misses you.
You shoot a sling bullet. The sling bullet hits the orc warrior.
The orc warrior is lightly wounded.
The orc warrior hits you from afar with a +1 glaive of protection!
You shoot a sling bullet. The sling bullet hits Edmund!
Edmund is heavily wounded.
The orc warrior closely misses you.
You shoot a sling bullet. The sling bullet hits Edmund.
Edmund is heavily wounded.
The orc warrior closely misses you.
Edmund hits you with a +2 flail of holy wrath.
You shoot a sling bullet. The sling bullet barely misses Edmund.
The orc warrior barely misses you. Edmund barely misses you.
You shoot a sling bullet. The sling bullet hits Edmund.
Edmund is severely wounded.
Edmund hits you but does no damage. The orc warrior barely misses you.
You shoot a sling bullet. The sling bullet hits Edmund.
Edmund is severely wounded.
The orc warrior misses you. Edmund closely misses you.
You shoot a sling bullet. The sling bullet barely misses Edmund.
The sling bullet hits the orc!
You kill the orc!
The orc warrior barely misses you. Edmund hits you but does no damage.
You shoot a sling bullet. The sling bullet closely misses Edmund.
Edmund hits you but does no damage. The orc warrior barely misses you.
You shoot a sling bullet. The sling bullet barely misses Edmund.
The orc warrior hits you from afar with a +1 glaive of protection!
Edmund closely misses you.
You shoot a sling bullet. The sling bullet barely misses Edmund.
The orc warrior closely misses you.
Edmund hits you with a +2 flail of holy wrath.
You shoot a sling bullet.
The sling bullet hits Edmund but does no damage.
Edmund is severely wounded.
The orc warrior hits you from afar with a +1 glaive of protection!
Edmund hits you with a +2 flail of holy wrath.
You die...

....#########
.#.............(#
...............#
#..............#
#.....#.......##
##.%...###>##...###
#.......#..###....#
#...[...#(## ##.###
#.......#.# #@#
##........# #@#
##...##..# #)o
......###..# ##).
#.>..# ##.# ..#
#...# #.. ... ###.
#.## .... #. ..#
..... ..


You could see Edmund and an orc warrior.

Vanquished Creatures
  A water moccasin (D:5)
  A black bear (D:3)
  A sky beast (D:5)
  An ogre (D:5)
  2 phantoms (D:5)
  A bullfrog (D:4)
  2 scorpions
  3 jellies
  3 orc wizards
  2 iguanas (D:5)
  4 adders
  2 ufetubi
  2 worms
  5 dart slugs
  19 orcs
  8 ball pythons
  5 endoplasms
  3 giant cockroaches
  6 goblins
  6 hobgoblins
  5 jackals
  6 kobolds
  4 quokkas
  5 bats
  5 frilled lizards
  8 hobgoblin zombies (Ossuary)
  9 kobold zombies (Ossuary)
  3 orc zombies (Ossuary)
  3 rats (D:2)
125 creatures vanquished.

Notes
Turn   | Place    | Note
-------+----------+-------------------------------------------
     0 | D:1      | qw the Gargoyle Hexslinger began the quest for the Orb.
     0 | D:1      | Reached XP level 1. HP: 12/12 MP: 2/2
     0 | D:1      | 0 ||| qw: Version: 0.3-a-52-g30416fa
     0 | D:1      | 0 ||| qw: Game counter: 7718
     0 | D:1      | 0 ||| qw: Melee chars always use a shield: true
     0 | D:1      | 0 ||| qw: God list: Okawaru
     0 | D:1      | 0 ||| qw: Allow faded altars: false
     0 | D:1      | 0 ||| qw: Do Orc after clearing Dungeon:15 true
     0 | D:1      | 0 ||| qw: Do second Lair branch before Depths: true
     0 | D:1      | 0 ||| qw: Lair rune preference: random
     0 | D:1      | 0 ||| qw: Goals: Normal
     0 | D:1      | 0 ||| PLANNING D:1-11
   152 | D:1      | Reached XP level 2. HP: 15/16 MP: 3/3
   435 | D:1      | Reached skill level 3 in Ranged Weapons
   659 | D:1      | 659 ||| READING scroll labelled ODEUKA UFUYWK.
   660 | D:1      | 660 ||| READING scroll labelled DIOCRURUMI.
   661 | D:1      | 661 ||| DRINKING 2 sedimented yellow potions.
   662 | D:1      | 662 ||| DRINKING 2 sapphire potions.
   663 | D:1      | 663 ||| DROPPING scroll of poison.
   664 | D:1      | 664 ||| DROPPING potion of brilliance.
   665 | D:1      | 665 ||| DROPPING potion of degeneration.
   717 | D:2      | Found a faded altar of an unknown god.
   828 | D:2      | Found a basalt altar of Yredelemnul.
   887 | D:2      | Reached XP level 3. HP: 19/21 MP: 4/4
  1337 | D:2      | 1337 ||| READING scroll of enchant weapon.
  1337 | D:2      | 1337 ||| ENCHANTING +2 sling.
  1444 | D:2      | 1444 ||| FLEEEEING.
  1445 | D:2      | 1445 ||| FLEEEEING.
  1649 | D:2      | 1649 ||| UPGRADING to +6 ring of dexterity.
  1650 | D:2      | 1650 ||| READING scroll labelled XELUAX NIQAST.
  1651 | D:2      | 1651 ||| READING scroll labelled XOUNKE UFESCHE.
  1655 | D:2      | 1655 ||| DRINKING 2 puce potions.
  1705 | D:3      | Found a stormy altar of Qazlal.
  1798 | D:3      | Found a snail-covered altar of Cheibriados.
  1880 | D:3      | Reached XP level 4. HP: 26/26 MP: 5/5
  1982 | D:3      | Noticed a black bear
  1991 | D:3      | Killed a black bear
  1992 | D:3      | Reached skill level 5 in Ranged Weapons
  1992 | D:3      | Reached XP level 5. HP: 10/30 MP: 6/6
  2202 | D:3      | Found a radiant altar of Vehumet.
  2340 | D:3      | 2340 ||| UPGRADING to +0 pair of boots of flying.
  2345 | D:3      | 2345 ||| UPGRADING to +0 pair of gloves.
  2350 | D:3      | 2350 ||| UPGRADING to +0 leather armour.
  2360 | D:3      | 2360 ||| DROPPING +0 robe.
  2361 | D:3      | 2361 ||| UPGRADING to ring of resist corrosion.
  2362 | D:3      | 2362 ||| UPGRADING to ring of protection from fire.
  2364 | D:3      | 2364 ||| READING scroll labelled WOSO ODOCKA.
  2365 | D:3      | 2365 ||| READING scroll labelled DIR REOMEUCS.
  2366 | D:3      | 2366 ||| DRINKING 2 murky golden potions.
  2367 | D:3      | 2367 ||| DRINKING 2 pink potions.
  2395 | D:4      | 2395 ||| PLANNING OSSUARY
  2421 | D:4      | Found an ornate altar of the Wu Jian Council.
  2461 | D:4      | Reached skill level 3 in Fighting
  2461 | D:4      | Reached XP level 6. HP: 14/38 MP: 7/7
  2479 | D:4      | 2479 ||| FLEEEEING.
  2480 | D:4      | 2480 ||| FLEEEEING.
  2481 | D:4      | 2481 ||| FLEEEEING.
  2482 | D:4      | 2482 ||| FLEEEEING.
  2483 | D:4      | 2483 ||| FLEEEEING.
  2484 | D:4      | 2484 ||| FLEEEEING.
  2488 | D:4      | 2488 ||| FLEEEEING.
  2493 | D:4      | 2493 ||| FLEEEEING.
  2494 | D:4      | 2494 ||| FLEEEEING.
  2495 | D:4      | 2495 ||| FLEEEEING.
  2496 | D:4      | 2496 ||| STAIRDANCE
  2642 | D:4      | Reached skill level 1 in Armour
  2670 | D:4      | Found a sand-covered staircase.
  2675 | Ossuary  | Entered an ossuary
  2813 | D:4      | 2813 ||| PLANNING D:1-11
  3173 | D:4      | 3173 ||| UPGRADING to amulet of the acrobat.
  3197 | D:5      | Entered Level 5 of the Dungeon
  3200 | D:5      | 3200 ||| STAIRDANCE
  3338 | D:5      | Reached skill level 6 in Ranged Weapons
  3338 | D:5      | Reached XP level 7. HP: 42/42 MP: 8/8
  3348 | D:5      | 3348 ||| READING scroll of enchant armour.
  3348 | D:5      | 3348 ||| ENCHANTING +0 pair of gloves.
  3876 | D:5      | Reached skill level 7 in Ranged Weapons
  3876 | D:5      | 3876 ||| FLEEEEING.
  3877 | D:5      | 3877 ||| FLEEEEING.
  3878 | D:5      | 3878 ||| FLEEEEING.
  3879 | D:5      | 3879 ||| FLEEEEING.
  3880 | D:5      | 3880 ||| FLEEEEING.
  3881 | D:5      | 3881 ||| FLEEEEING.
  3882 | D:5      | 3882 ||| FLEEEEING.
  3883 | D:5      | 3883 ||| FLEEEEING.
  3884 | D:5      | 3884 ||| FLEEEEING.
  3885 | D:5      | 3885 ||| FLEEEEING.
  3886 | D:5      | 3886 ||| FLEEEEING.
  3887 | D:5      | 3887 ||| FLEEEEING.
  3888 | D:5      | 3888 ||| FLEEEEING.
  3889 | D:5      | 3889 ||| FLEEEEING.
  3890 | D:5      | 3890 ||| FLEEEEING.
  3891 | D:5      | 3891 ||| FLEEEEING.
  3892 | D:5      | 3892 ||| FLEEEEING.
  3893 | D:5      | 3893 ||| FLEEEEING.
  3904 | D:5      | Reached XP level 8. HP: 46/48 MP: 9/9
  4070 | D:5      | 4070 ||| READING 4 scrolls of identify.
  4070 | D:5      | 4070 ||| IDENTIFYING yellow potion
  4071 | D:5      | 4071 ||| READING 3 scrolls of identify.
  4071 | D:5      | 4071 ||| IDENTIFYING silvery potion
  4072 | D:5      | 4072 ||| READING 2 scrolls of identify.
  4072 | D:5      | 4072 ||| IDENTIFYING inky potion
  4073 | D:5      | 4073 ||| DROPPING potion of invisibility.
  4125 | D:6      | 4125 ||| PLANNING SEWER
  4130 | D:6      | 4130 ||| STAIRDANCE
  4140 | D:5      | 4140 ||| DRINKING 2 potions of curing.
  4140 | D:5      | 4140 ||| (to cure confusion)
  4146 | D:5      | 4146 ||| DRINKING potion of curing.
  4146 | D:5      | 4146 ||| (to cure confusion)
  4198 | D:6      | 4198 ||| STAIRDANCE
  4303 | D:6      | 4303 ||| STAIRDANCE
  4316 | D:5      | Reached skill level 8 in Ranged Weapons
  4361 | D:6      | 4361 ||| FLEEEEING.
  4362 | D:6      | 4362 ||| FLEEEEING.
  4363 | D:6      | 4363 ||| FLEEEEING.
  4376 | D:6      | HP: 4/48 [orc priest/divine providence (11)]
  4377 | D:6      | 4377 ||| READING 2 scrolls of teleportation.
  4377 | D:6      | Noticed a vampire
  4378 | D:6      | 4378 ||| DRINKING potion of heal wounds.
  4379 | D:6      | Found a staircase to the Ecumenical Temple.
  4494 | D:6      | Noticed Edmund
  4509 | D:6      | HP: 4/48 [orc warrior/+1 glaive of protection (10)]
  4509 | D:6      | Slain by Edmund

Levels and vault maps discovered:
D:1:      dpeg_arrival_fog, layout_basic
D:2:      layout_loops_corners, basic_altar,
          shapermc_ecumenical_altar_flowoftime
D:3:      layout_rooms, nicolae_qazlal_general_emergency,
          mainiacjoe_overflow_cross_hatched, general_overflow_altar,
          minmay_quadrilaterals
D:4:      layout_basic, nicolae_wu_jian_wuxing_cycle,
          lightli_ossuary_entry_decrepit_ruins, minmay_misc_feat_plants
D:5:      layout_cave_pods
D:6:      layout_rooms, amcnicky_altar_gilded, minmay_temple_entry_butterflies,
          serial_shops, kennysheep_little_box, portal_sewer_entry_f,
          biasface_ghost_orc_armoury, chequers_big_river, uniq_grinder,
          uniq_blork_the_orc, uniq_edmund

Skill      XL: |  1  2  3  4  5  6  7  8 |
---------------+-------------------------+-----
Ranged Weapons | 3 5 6 7 8 |  8.1
Fighting       | 2 3 4 |  4.5
Armour         | 1 |  1.9
Dodging        | 2 |  2.6
Spellcasting   | |  1.0
Hexes          | |  2.6

Action                     |  1- 3 |  4- 6 |  7- 9 || total
---------------------------+-------+-------+-------++-------
   Fire: Sling             |   124 |   167 |   169 ||   460
    Use: Scroll            |     5 |     2 |     5 ||    12
         Potion            |     3 |     2 |     3 ||     8
 Armour: Robe              |    15 |     6 |       ||    21
         Leather armour    |       |    21 |    84 ||   105
  Dodge: Dodged            |    33 |    48 |   115 ||   196

Table legend:
 A = Non-vault XP
 B = Vault XP
 C = Vault XP percentage of total XP
 D = Non-vault monster count
 E = Vault monster count
 F = Vault count percentage of total count
                 A         B        C        D         E       F
            +---------+---------+-------+---------+---------+-------
      Total |    1389 |     174 |  11.1 |      98 |      27 |  21.6
            +---------+---------+-------+---------+---------+-------
        D:1 |      25 |       0 |   0.0 |      14 |       0 |   0.0
        D:2 |      38 |       0 |   0.0 |      19 |       0 |   0.0
        D:3 |      37 |     150 |  80.2 |      12 |       5 |  29.4
        D:4 |     318 |       0 |   0.0 |      24 |       0 |   0.0
        D:5 |     927 |       0 |   0.0 |      25 |       0 |   0.0
        D:6 |      44 |       4 |   8.3 |       4 |       2 |  33.3
    Ossuary |       0 |      20 | 100.0 |       0 |      20 | 100.0
            +---------+---------+-------+---------+---------+-------
